 Dungeon Crawl Stone Soup version 0.26.1-2-gb8aa6d0cf2 (webtiles) character file.

Game seed: 6171483591641249263

1065 Gadfly the Skirmisher (level 8, -5/79 HPs)
             Began as an Ogre Monk on Feb 12, 2021.
             Killed by divine providence
             ... invoked by an orc priest
              (12 damage)
             ... on level 6 of the Dungeon.
             The game lasted 00:11:55 (9223 turns).

Gadfly the Skirmisher (Ogre Monk)                   Turns: 9223, Time: 00:11:56

Health: -5/79      AC:  5    Str: 18    XL:     8   Next: 27%
Magic:  9/11       EV: 14    Int: 11    God:
Gold:   193        SH:  0    Dex: 11    Spells: 4/7 levels left

rFire    . . .     SeeInvis .   b - +1 spear (flame)
rCold    + . .     Faith    .   (no shield)
rNeg     . . .     Spirit   .   e - +0 robe
rPois    .         Reflect  .   (helmet restricted)
rElec    .         Harm     .   k - +1 cloak
rCorr    .         Rampage  .   (gloves unavailable)
Will     .....                  (boots unavailable)
Stlth    ++........             (no amulet)
HPRegen  0.23/turn              n - +4 ring of evasion
MPRegen  0.12/turn              o - ring of protection from cold

@: studying Stealth
A: large, unfitting armour, tough skin 1
a: no special abilities


You were on level 6 of the Dungeon.
You visited 1 branch of the dungeon, and saw 6 of its levels.
You also visited: Ossuary.

You collected 475 gold pieces.
You spent 282 gold pieces at shops.

Inventory:

Hand Weapons
 a - a +0 flail
 b - a +1 spear of flaming (weapon)
 s - a +3 scimitar of holy wrath
Missiles
 g - 2 large rocks
 h - 143 stones (quivered)
Armour
 e - a +0 robe (worn)
 k - a +1 cloak (worn)
Jewellery
 c - an uncursed ring of protection from fire
 n - a +4 ring of evasion (left hand)
 o - a ring of protection from cold (right hand)
Wands
 l - a wand of digging (7)
 q - a wand of polymorph (7)
 w - a wand of random effects (22)
Scrolls
 p - a scroll of magic mapping
 u - a scroll of enchant weapon
 v - 4 scrolls of teleportation
 x - a scroll of immolation {unknown}
 y - 5 scrolls of identify
 z - a scroll of enchant armour
 B - a scroll of blinking
 C - a scroll of remove curse
Potions
 d - 2 potions of haste
 f - a potion of mutation
 i - a potion of curing
 j - 3 potions of attraction
 m - 2 potions of resistance
 t - a potion of ambrosia
 A - 2 potions of degeneration {unknown}
Books
 r - a manual of Stealth


   Skills:
 + Level 4.6 Fighting
 * Level 4.1 Maces & Flails
 * Level 4.1 Throwing
 * Level 3.3 Armour
 - Level 2.6 Dodging
 - Level 1.4 Stealth
 + Level 4.1 Invocations
 * Level 3.4 Evocations


You had 4 spell levels left.
You knew the following spells:

 Your Spells              Type           Power        Failure   Level
a - Conjure Flame         Conj/Fire      0%           71%         3

Your spell library contained the following spells:

 Spells                   Type           Power        Failure   Level
 Foxfire                  Conj/Fire      0%           34%         1
 Inner Flame              Hex/Fire       0%           71%         3
 Sticky Flame             Conj/Fire      0%           98%         4
 Fireball                 Conj/Fire      0%           100%        5


Dungeon Overview and Level Annotations

Branches:
Dungeon (6/15)            Ossuary (visited)
 Temple: D:4-7

Altars:
Cheibriados
Wu Jian
Xom

Shops:
D:4 !   D:5 ?


Innate Abilities, Weirdness & Mutations

You are too large for most types of armour.
You have tough skin. (AC +1)


Message History

The orc hits you but does no damage.
You closely miss the orc priest.
The orc priest is heavily wounded.
The centaur skeleton misses you. The orc barely misses you.
The orc priest hits you with a +0 flail.
* * * LOW HITPOINT WARNING * * *
The orc hits you with a +0 mace.
* * * LOW HITPOINT WARNING * * *
The centaur skeleton barely misses you. The orc closely misses you.
The orc priest hits you with a +0 flail.
* * * LOW HITPOINT WARNING * * *
The orc hits you with a +0 mace.
* * * LOW HITPOINT WARNING * * *
You feel better. The centaur skeleton barely misses you.
The orc priest invokes the aid of Beogh against you.
Beogh smites you!
* * * LOW HITPOINT WARNING * * *
The orc priest calls down the wrath of Beogh upon you.
Beogh smites you!
You die...

.... #.....##...#....
....##...............
.........(...........
....................
#..................
#....#.......#....
###..#.......#....
####Zo.......##..##
#.@o.##......##...
#.....##o.#.........
##.... #..).......##
....#..(.....).......
... .(...........##..
.. ..(##........## ..
. ...# #..#.......
##.# ##.###....#. ##
#...#


You could see an orc priest, 2 orcs and a centaur skeleton.

Vanquished Creatures
  A wraith (Ossuary)
  A centaur (D:6)
  An elf zombie (Ossuary)
  2 scorpions (D:4)
  A howler monkey (D:3)
  A hound (D:6)
  2 orc priests (D:3)
  4 orc wizards
  2 bullfrog skeletons
  3 worker ants (D:4)
  3 mummies (Ossuary)
  A worker ant zombie (D:5)
  10 adders
  A shadow imp (D:4)
  A white imp (D:5)
  2 oozes
  An adder skeleton (D:4)
  An adder zombie (D:6)
  6 worms
  4 dart slugs
  2 leopard geckos
  11 orcs
  3 ball pythons (D:2)
  8 bats
  4 giant cockroaches
  3 gnoll zombies (Ossuary)
  5 goblins
  13 hobgoblins
  12 jackals
  7 kobolds
  A quokka (D:5)
  8 frilled lizards
  A giant cockroach zombie (D:4)
  A goblin zombie (Ossuary)
  5 hobgoblin zombies (Ossuary)
  A jackal zombie (D:4)
  A kobold zombie (Ossuary)
  An orc zombie (Ossuary)
  8 rats
143 creatures vanquished.

Notes
Turn   | Place    | Note
-------+----------+-------------------------------------------
     0 | D:1      | Gadfly the Ogre Monk began the quest for the Orb.
     0 | D:1      | Reached XP level 1. HP: 24/24 MP: 1/1
   385 | D:1      | Reached XP level 2. HP: 32/32 MP: 2/2
   523 | D:1      | Reached skill level 1 in Invocations
   997 | D:1      | Reached XP level 3. HP: 36/39 MP: 3/3
  1163 | D:2      | Reached skill level 1 in Throwing
  1474 | D:2      | Reached skill level 1 in Evocations
  1645 | D:2      | Reached skill level 1 in Armour
  1878 | D:2      | Reached XP level 4. HP: 23/48 MP: 5/5
  2266 | D:2      | Found an ornate altar of the Wu Jian Council.
  2914 | D:3      | Reached XP level 5. HP: 31/54 MP: 6/6
  3172 | D:3      | Found a faded altar of an unknown god.
  4058 | D:3      | Reached XP level 6. HP: 35/62 MP: 6/8
  4721 | D:4      | Found Aweerybo's Distillery.
  4749 | D:4      | Bought a potion of resistance for 140 gold pieces
  5504 | D:4      | Reached XP level 7. HP: 47/70 MP: 9/9
  5731 | D:4      | Found a snail-covered altar of Cheibriados.
  5969 | D:4      | HP: 3/70 [orc wizard/+0 dagger (2)]
  5975 | D:4      | HP: 2/70 [poisoned by an adder]
  6500 | D:4      | Found a shimmering altar of Xom.
  6552 | D:5      | Entered Level 5 of the Dungeon
  6701 | D:5      | Found Cacoinur's Magic Scroll Shoppe.
  6852 | D:5      | Bought a scroll of magic mapping for 45 gold pieces
  7019 | D:5      | Found a sand-covered staircase.
  7026 | Ossuary  | Entered an ossuary
  7026 | Ossuary  | Noticed a wraith
  7026 | Ossuary  | Noticed a wraith
  7026 | Ossuary  | Noticed a wraith
  7717 | Ossuary  | Noticed a wraith
  7740 | Ossuary  | Killed a wraith
  7741 | Ossuary  | Reached XP level 8. HP: 79/79 MP: 9/11
  8105 | D:5      | Learned a level 3 spell: Conjure Flame
  8603 | D:5      | Bought a scroll of enchant weapon for 97 gold pieces
  9223 | D:6      | Killed from afar by an orc priest

Illustrated notes

Levels and vault maps discovered:
D:1:      dpeg_arrival_brainrot, layout_loops_ring
D:2:      layout_loops_ring, lemuel_crystal_altar, grunt_ministairs_11,
          st_stairs_10
D:3:      layout_loops_ring, chequers_ecumenical_altar_island
D:4:      minmay_octagon_keep, layout_loops_corners, general_overflow_altar,
          xom_butterflies, serial_shops, nicolae_shop_crystal,
          minmay_manual_macuahuitl
D:5:      layout_basic, serial_shops, shop, nicolae_ossuary_entry_ruins
D:6:      layout_cave_pools, hangedman_glass_teeth

Skill      XL: |  1  2  3  4  5  6  7  8 |
---------------+-------------------------+-----
Invocations    | 1 2 3 4 |  4.1
Throwing       | 1 2 3 4 |  4.1
Evocations     | 1 2 3 |  3.4
Armour         | 1 2 3 |  3.3
Maces & Flails | 3 4 |  4.1
Fighting       | |  4.6
Dodging        | |  2.6
Stealth        | |  1.4

Action                   |  1- 3 |  4- 6 |  7- 9 || total
-------------------------+-------+-------+-------++-------
Melee: Mace              |    24 |       |       ||    24
       Spear             |   121 |   260 |   305 ||   686
Throw: Stone             |       |     3 |     5 ||     8
  Use: Scroll            |     4 |     4 |     9 ||    17
       Potion            |       |     2 |     5 ||     7
 Stab: Sleeping          |     4 |     5 |     4 ||    13
Armor: Robe              |    52 |    68 |    61 ||   181
       Skin              |       |       |    15 ||    15
Dodge: Dodged            |    92 |   129 |   162 ||   383
